Map: [ESL] NeoHumanity

Players

PtitDrogo

  • Race: Protoss Protoss
  • Spawn Location: 11:00

Creator - Winner!

  • Race: Protoss Protoss
  • Spawn Location: 5:00

Event: ESL SC2 Masters 2023 Summer (Finals)

VOD

Have the link to the VOD?

Description

Time

  • Played on: June 16, 2023, 10:09 a.m.
  • Length: 11:18

All games in this series

Show
View Real Time Build Order
Export as new Build Order

PtitDrogo Protoss 

Build Orders: Phoenix Opening, Blink Stalkers 

Get SALT Encoding   

  12  0:00  Probe  
  13  0:12  Probe  
  14  0:17  Pylon  
  14  0:24  Probe (Chrono Boost)  
  15  0:36  Probe (Chrono Boost)  
  15  0:37  Gateway  
  16  0:45  Probe (Chrono Boost)  
  16  0:46  Assimilator  
  17  0:51  Probe  
  17  0:54  Assimilator  
  18  1:03  Probe (Chrono Boost)  
  19  1:07  Gateway  
  19  1:12  Probe (Chrono Boost)  
  19  1:17  Probe (Chrono Boost)  
  20  1:23  Cybernetics Core  
  21  1:29  Probe  
  22  1:34  Pylon  
  22  1:41  Probe  
  23  1:53  Probe  
  24  1:58  Warp Gate (Chrono Boost)  
  24  2:00  Stalker  
  28  2:04  Sentry  
  28  2:06  Probe  
  29  2:11  Pylon  
  29  2:18  Probe  
  30  2:30  Probe  
  30  2:35  Phoenix  
  30  2:39  Nexus  
  30  2:44  Shield Battery  
  30  2:48  Probe  
  30  2:51  Sentry  
  33  2:54  Sentry  
  35  3:00  Probe  
  36  3:10  Twilight Council  
  36  3:12  Probe  
  37  3:15  Pylon  
  37  3:24  Probe  
  38  3:36  Probe  
  38  3:40  Adept  
  38  3:41  Adept  
  43  3:43  Blink (Chrono Boost)  
  44  3:52  Probe x2 (Chrono Boost)  
  45  4:01  Probe (Chrono Boost)  
  45  4:02  Stalker  
  49  4:03  Probe (Chrono Boost), Stalker  
  49  4:06  Probe (Chrono Boost)  
  52  4:12  Probe  
  53  4:18  Probe  
  53  4:23  Forge  
  54  4:24  Probe  
  56  4:31  Probe  
  56  4:37  Nexus  
  56  4:41  Probe  
  56  4:42  Pylon  
  56  4:43  Probe  
  58  4:48  Stalker  
  58  4:50  Stalker  
  62  4:53  Protoss Ground Weapons Level 1 (Chrono Boost)  
  62  5:00  Probe x2, Assimilator  
  64  5:10  Pylon  
  64  5:12  Probe x2  
  66  5:19  Stalker x2  
  70  5:22  Pylon  
  70  5:28  Probe x2 (Chrono Boost)  
  72  5:31  Robotics Facility  
  72  5:35  Charge  
  72  5:37  Probe x2 (Chrono Boost)  
  72  5:40  Pylon  
  72  5:42  Probe x2  
  74  5:48  Gateway x2  
  76  5:51  Probe (Chrono Boost)  
  79  5:58  Probe x2 (Chrono Boost)  
  79  6:02  Forge  
  79  6:03  Probe (Chrono Boost), Stalker  
  82  6:05  Stalker  
  82  6:08  Probe (Chrono Boost)  
  82  6:09  Probe x2 (Chrono Boost)  
  87  6:19  Probe x2  
  87  6:20  Observer  
  87  6:22  Probe  
  87  6:23  Protoss Ground Armor Level 1 (Chrono Boost)  
  87  6:24  Nexus  
  91  6:27  Pylon  
  91  6:31  Probe  
  92  6:35  Assimilator  
  92  6:40  Gateway x2  
  92  6:42  Gateway x2  
  92  6:44  Observer  
  93  6:49  Probe x3  
  96  6:57  Stalker x3, Shield Battery  
  102  7:06  Protoss Ground Weapons Level 2 (Chrono Boost)  
  102  7:11  Warp Prism (Chrono Boost)  
  102  7:12  Stalker  
  106  7:18  Pylon  
  106  7:19  Probe x3  
  109  7:24  Stalker x3  
  109  7:29  Gateway  
  115  7:30  Gateway  
  115  7:32  Pylon  
  115  7:34  Probe (Chrono Boost)  
  115  7:36  Probe (Chrono Boost)  
  117  7:46  Probe (Chrono Boost)  
  117  7:51  Probe (Chrono Boost)  
  117  7:59  Stalker x5  
  117  8:00  Zealot x3  
  117  8:02  Probe  
  130  8:05  Gateway  
  130  8:08  Gateway  
  130  8:12  Pylon  
  130  8:14  Probe, Pylon  
  130  8:15  Pylon  
  131  8:26  Nexus  
  131  8:28  Pylon  
  131  8:29  Pylon, Stalker x2, Protoss Ground Armor Level 2 (Chrono Boost)  
  131  8:30  Zealot x4  
  131  8:31  Zealot  
  145  8:35  Stalker x2  
  145  8:37  Stalker  
  151  8:50  Pylon  
  151  8:51  Stalker x5  
  151  8:52  Zealot  
  151  8:54  Stalker  
  165  9:00  Stalker  
  165  9:01  Stalker  
  165  9:02  Stalker  
  171  9:05  Stalker  
  171  9:06  Stalker  
  175  9:14  Unknown  
  173  9:17  Shield Battery  
  173  9:22  Zealot x7  
  136  9:41  Observer  
  136  9:42  Templar Archives  
  136  9:43  Stalker x4  
  140  9:50  Zealot x8  
  146  9:53  Probe  
  146  9:55  Pylon, Shield Battery  
  146  9:58  Shield Battery  
  147  10:06  Zealot x4  
  154  10:12  Zealot x2  
  154  10:13  Zealot x6  
  170  10:16  Shield Battery  
  168  10:26  Probe  
  167  10:30  High Templar x4  
  167  10:33  Archon  
  167  10:34  Archon  
  169  10:38  Probe, Zealot x4  
  169  10:39  Zealot x4  
  152  10:50  Probe  
  135  10:59  Zealot x8  
  135  11:02  Probe, Zealot x4  
Show
View Real Time Build Order
Export as new Build Order

Creator Protoss - Winner!

Build Orders: Phoenix Opening, Blink Stalkers 

Get SALT Encoding   

  12  0:00  Probe  
  13  0:12  Probe  
  14  0:16  Pylon  
  14  0:24  Probe (Chrono Boost)  
  15  0:36  Probe (Chrono Boost), Gateway  
  16  0:44  Probe (Chrono Boost)  
  16  0:45  Assimilator  
  17  0:51  Probe  
  18  0:59  Assimilator  
  18  1:03  Probe (Chrono Boost)  
  19  1:08  Gateway  
  19  1:12  Probe (Chrono Boost)  
  19  1:17  Probe (Chrono Boost)  
  20  1:23  Cybernetics Core  
  21  1:29  Probe  
  22  1:34  Pylon  
  22  1:41  Probe  
  23  1:53  Probe  
  24  2:00  Stalker x2  
  28  2:01  Warp Gate  
  28  2:10  Pylon  
  28  2:21  Shield Battery  
  28  2:26  Pylon  
  28  2:30  Sentry  
  28  2:31  Sentry  
  32  2:44  Nexus  
  32  2:47  Probe  
  33  2:55  Shield Battery  
  33  2:56  Sentry  
  35  3:04  Stalker  
  37  3:06  Phoenix, Probe  
  38  3:13  Pylon  
  38  3:18  Probe  
  39  3:22  Twilight Council  
  39  3:31  Probe (Chrono Boost)  
  40  3:40  Probe (Chrono Boost)  
  40  3:41  Forge  
  41  3:45  Probe (Chrono Boost)  
  42  3:49  Phoenix  
  42  3:52  Stalker  
  42  3:53  Blink (Chrono Boost)  
  45  3:57  Probe (Chrono Boost)  
  45  3:58  Probe (Chrono Boost)  
  46  4:06  Probe x2 (Chrono Boost)  
  48  4:11  Probe  
  48  4:13  Probe  
  48  4:14  Protoss Ground Weapons Level 1  
  50  4:23  Probe  
  51  4:25  Probe  
  51  4:28  Stalker  
  54  4:31  Shield Battery  
  54  4:33  Pylon  
  54  4:35  Probe  
  55  4:38  Pylon  
  55  4:43  Stalker  
  55  4:45  Probe  
  58  5:00  Nexus  
  58  5:01  Shield Battery  
  58  5:05  Probe  
  59  5:07  Stalker x2  
  59  5:10  Probe  
  64  5:16  Robotics Facility  
  64  5:18  Probe  
  64  5:20  Assimilator  
  65  5:22  Probe  
  66  5:30  Probe  
  66  5:32  Gateway  
  66  5:34  Probe, Gateway  
  68  5:38  Stalker  
  70  5:43  Probe  
  70  5:45  Stalker  
  70  5:46  Probe  
  74  5:55  Probe (Chrono Boost)  
  75  6:01  Stalker  
  78  6:04  Probe (Chrono Boost)  
  78  6:07  Pylon, Protoss Ground Weapons Level 2 (Chrono Boost)  
  78  6:09  Pylon  
  78  6:11  Pylon  
  78  6:12  Observer (Chrono Boost)  
  78  6:14  Probe x2 (Chrono Boost)  
  78  6:18  Probe (Chrono Boost)  
  82  6:20  Phoenix  
  82  6:21  Probe (Chrono Boost)  
  82  6:23  Probe (Chrono Boost)  
  82  6:25  Probe (Chrono Boost)  
  85  6:26  Probe (Chrono Boost)  
  85  6:30  Immortal (Chrono Boost)  
  85  6:32  Probe  
  91  6:34  Charge, Gateway  
  91  6:36  Gateway  
  91  6:40  Zealot x2  
  95  6:51  Nexus  
  95  6:53  Pylon  
  95  6:55  Probe x3  
  95  6:58  Gateway  
  98  7:04  Gateway  
  98  7:14  Zealot x4  
  106  7:16  Observer  
  106  7:18  Templar Archives  
  107  7:24  Shield Battery  
  107  7:27  Photon Cannon, Shield Battery  
  107  7:32  Zealot  
  107  7:33  Zealot  
  107  7:37  Warp Prism (Chrono Boost)  
  110  7:40  Probe x3  
  110  7:43  Assimilator  
  115  7:47  Phoenix  
  115  7:52  Zealot x2  
  115  7:55  Pylon  
  115  7:56  Photon Cannon  
  117  8:00  Probe x3  
  117  8:04  Zealot, Stalker  
  117  8:05  Protoss Ground Weapons Level 3 (Chrono Boost)  
  123  8:06  High Templar x2  
  123  8:10  Probe  
  123  8:11  Archon  
  123  8:12  Observer (Chrono Boost)  
  129  8:15  Zealot x4  
  129  8:18  Gateway  
  137  8:20  Pylon  
  137  8:22  Gateway  
  137  8:24  Pylon  
  137  8:26  Pylon  
  137  8:30  Shield Battery  
  137  8:31  Stalker  
  139  8:34  Zealot  
  139  8:38  Shield Battery  
  139  8:40  Zealot x6  
  153  8:45  Shield Battery  
  153  8:52  Pylon  
  153  8:56  High Templar x2  
  153  9:00  Archon  
  157  9:02  Zealot x2  
  157  9:03  Zealot x4  
  169  9:12  Stalker  
  171  9:17  Zealot  
  171  9:21  Observer (Chrono Boost)  
  171  9:24  Zealot x5  
  165  9:35  Stalker x4  
  147  9:38  Warp Prism (Chrono Boost)  
  147  9:41  Zealot  
  145  9:52  Zealot x5  
  149  9:57  Pylon  
  149  9:59  High Templar x2  
  153  10:00  Zealot x3  
  153  10:03  Archon  
  159  10:07  Zealot  
  159  10:13  Zealot x3  
  159  10:14  Pylon, Zealot  
  169  10:24  Zealot x3, Stalker x2  
  169  10:26  Zealot  
  179  10:29  Pylon, Zealot  
  171  10:41  Zealot x3  
  157  10:43  Zealot  
  157  10:47  Stalker x6  
  149  11:02  Zealot x3  
  137  11:05  Stalker  
  127  11:13  Stalker x5  
  127  11:14  Stalker  
Tags
 
Add a new tag
Caveats
  • Supply blocks, unpowered buildings, or Contaminate may cause inaccurate times.
  • Supply counts are checked every 10 seconds.